[Event "Early-Titled-Tuesday-Blitz-April-16-2024"]
[Site "Chess.com"]
[Date "2024.04.16"]
[Round "10"]
[White "theoneandonlydaaevik"]
[Black "IndianSchoolOfSuffering"]
[Result "0-1"]
[WhiteElo "2578"]
[BlackElo "2450"]
[TimeControl "180+1"]
[EndTime "9:57:15 PDT"]
[Termination "IndianSchoolOfSuffering won by resignation"]

1. d4 Nf6 2. Nf3 d5 3. Bf4 c5 4. e3 Nc6 5. Nbd2 e6 6. c3 cxd4 7. exd4 Nh5 8. Be3 Bd6 9. Ne5 g6 10. g4 Ng7 11. Bb5 Bd7 12. Bxc6 bxc6 13. g5 Nf5 14. h4 c5 15. Qe2 cxd4 16. Bxd4 Nxd4 17. cxd4 Rb8 18. O-O Bb5 19. Nd3 h6 20. f4 hxg5 21. hxg5 Rh3 22. Nf3 Bxf4 23. a4 Ba6 24. Rf2 Rg3+ 25.
Rg2 Rxg2+ 26. Kxg2 Rb3 27. Rd1 Qb6 28. Qc2 Bxd3 0-1

[Event "Early-Titled-Tuesday-Blitz-April-16-2024"]
[Site "Chess.com"]
[Date "2024.04.16"]
[Round "10"]
[White "only_strong_moves"]
[Black "UK_23"]
[Result "1-0"]
[WhiteElo "2637"]
[BlackElo "2479"]
[TimeControl "180+1"]
[EndTime "9:57:16 PDT"]
[Termination "only_strong_moves won by resignation"]

1. e4 c6 2. d4 d5 3. Nc3 dxe4 4. Nxe4 Nf6 5. Nxf6+ exf6 6. c3 Bd6 7. Bd3 O-O 8. Ne2 Re8 9. O-O Nd7 10. Ng3 g6 11. Qc2 f5 12. Bd2 Nf6 13. Rae1 Be6 14. Bg5 Be7 15.
Re2 b5 16. Rfe1 Nd5 17. Bxe7 Rxe7 18. Re5 Qd7 19. Qc1 Rae8 20. Qh6 f6 21. R5e2 Bf7 22.
h4 Rxe2 23. Rxe2 Rxe2 24. Nxe2 Qe8 25. h5 Qf8 26. Qd2 a5 27. a3 a4 28. Nf4 Qe7 29. Nxd5 Bxd5 30. Qf4 Kg7 31. h6+ Kf7 32. Kh2 Qd8 33.
f3 Ke7 34. g4 fxg4 35. fxg4 Qd6 36. Qxd6+ Kxd6 37. Bxg6 Bg8 38. Be4 c5 39. Kg3 cxd4 40.
cxd4 Ke6 41. Kf4 Ke7 42. Bd3 1-0

[Event "Early-Titled-Tuesday-Blitz-April-16-2024"]
[Site "Chess.com"]
[Date "2024.04.16"]
[Round "10"]
[White "ContrVersia"]
[Black "FREDERICKtheMATE"]
[Result "0-1"]
[WhiteElo "2876"]
[BlackElo "2711"]
[TimeControl "180+1"]
[EndTime "9:57:18 PDT"]
[Termination "FREDERICKtheMATE won on time"]

1. Nf3 Nf6 2. c4 c6 3. g3 d5 4.
Bg2 Bf5 5. Qb3 Qc8 6. cxd5 cxd5 7. Nc3 e6 8. O-O Nc6 9. d3 Be7 10. Bf4 O-O 11. Rac1 Qd7 12. Rfd1 Bg6 13. e4 d4 14. Na4 Na5 15. Ne5 Nxb3 16. Nxd7 Nxc1 17. Nxf6+ gxf6 18. Rxc1 Rfc8 19. b3 Ba3 20. Rc4 b5 0-1

[Event "Early-Titled-Tuesday-Blitz-April-16-2024"]
[Site "Chess.com"]
[Date "2024.04.16"]
[Round "10"]
[White "Bastiandash"]
[Black "dmosesov"]
[Result "0-1"]
[WhiteElo "2531"]
[BlackElo "2636"]
[TimeControl "180+1"]
[EndTime "9:57:22 PDT"]
[Termination "dmosesov won by resignation"]

1. e4 e5 2. Bc4 Nf6 3. d3 Nc6 4. Nc3 Bc5 5. f4 d5 6. Nxd5 Ng4 7.
f5 Nf2 8. Qd2 Nxh1 9. f6 Be6 10.
Qg5 Bxd5 11. Qxg7 Rf8 12. Bxd5 Bxg1 13. Bxf7+ Rxf7 14. Qg8+ Rf8 15. Qe6+ Ne7 16. Bh6 Qd6 17. fxe7 Rf1+ 0-1

[Event "Early-Titled-Tuesday-Blitz-April-16-2024"]
[Site "Chess.com"]
[Date "2024.04.16"]
[Round "10"]
[White "FlemingA"]
[Black "rhwr"]
[Result "1-0"]
[WhiteElo "2425"]
[BlackElo "2285"]
[TimeControl "180+1"]
[EndTime "9:57:30 PDT"]
[Termination "FlemingA won by checkmate"]

1. e4 c5 2. b4 e5 3. Nf3 Qc7 4.
Bb2 d6 5. Nc3 Nf6 6. bxc5 Qxc5 7. d4 exd4 8. Qxd4 a6 9. Bd3 Nc6 10. Qxc5 dxc5 11. O-O Be6 12. Rfe1 b5 13. a4 b4 14. Nd5 Ra7 15. Nxf6+ gxf6 16. Bxf6 Rg8 17. e5 c4 18. Bxh7 Rg4 19. Be4 Ne7 20. Rad1 Rc7 21.
h3 Rf4 22. Bg5 Rf5 23. Bxf5 Nxf5 24. Rd8# 1-0

[Event "Early-Titled-Tuesday-Blitz-April-16-2024"]
[Site "Chess.com"]
[Date "2024.04.16"]
[Round "10"]
[White "AryanTari"]
[Black "KubaGepard"]
[Result "1-0"]
[WhiteElo "2903"]
[BlackElo "2580"]
[TimeControl "180+1"]
[EndTime "9:57:33 PDT"]
[Termination "AryanTari won by resignation"]

1. a3 a6 2. h4 h5 3. Rh3 Nf6 4. d4 d6 5. Rh1 Nc6 6. Nc3 e5 7.
d5 Ne7 8. e4 Ng6 9. Bg5 Be7 10.
Bd3 Ng4 11. Nf3 Bxg5 12. hxg5 h4 13. Qd2 Bd7 14. O-O-O Qe7 15. Ng1 Nf4 16. f3 Qxg5 17. fxg4 Qxg4 18. Nh3 Qxg2 19. Nxf4 Qxd2+ 20. Kxd2 exf4 21. Rdg1 Kf8 22. Ne2 f3 23. Nd4 f2 24. Rf1 g5 25.
Rxf2 g4 26. Rhf1 Rh7 27. e5 g3 28. Bxh7 gxf2 29. e6 1-0

[Event "Early-Titled-Tuesday-Blitz-April-16-2024"]
[Site "Chess.com"]
[Date "2024.04.16"]
[Round "10"]
[White "Ariadna_Atreides"]
[Black "Djager97"]
[Result "1-0"]
[WhiteElo "2246"]
[BlackElo "2541"]
[TimeControl "180+1"]
[EndTime "9:57:33 PDT"]
[Termination "Ariadna_Atreides won by checkmate"]

1. d4 d5 2. Nf3 Nf6 3. e3 e6 4.
Bd3 c5 5. b3 Be7 6. O-O Nbd7 7.
Bb2 O-O 8. Nbd2 b6 9. Ne5 Bb7 10.
Qf3 Rc8 11. Qh3 h6 12. Nxd7 Qxd7 13. dxc5 bxc5 14. Rfd1 Rfd8 15. c4 Qe8 16. cxd5 exd5 17. Nf3 c4 18. Bf5 c3 19. Bc1 Rc7 20. Nd4 Bc8 21.
Bxc8 Rcxc8 22. Nf5 Bf8 23. Qg3 Ne4 24. Qg4 Qe6 25. f3 c2 26. Rf1 Qf6 27. fxe4 Qxa1 28. Nxh6+ Kh7 29. Nxf7 dxe4 30. Qh5+ Kg8 31. Qh8# 1-0

[Event "Early-Titled-Tuesday-Blitz-April-16-2024"]
[Site "Chess.com"]
[Date "2024.04.16"]
[Round "10"]
[White "AlphaGoosee"]
[Black "teresin05"]
[Result "1-0"]
[WhiteElo "2569"]
[BlackElo "2346"]
[TimeControl "180+1"]
[EndTime "9:57:34 PDT"]
[Termination "AlphaGoosee won by resignation"]

1. e4 c5 2. Nf3 Nc6 3. d4 cxd4 4. Nxd4 Nf6 5. Nc3 d6 6. f3 e6 7. Nb3 Be7 8. Be3 O-O 9. Qd2 a6 10. g4 b5 11. O-O-O Nd7 12. Kb1 Qc7 13. Qf2 b4 14. Na4 Bb7 15. f4 Rab8 16. Nb6 Nxb6 17. Bxb6 Qc8 18.
Bd3 Ba8 19. h4 Qb7 20. Be3 a5 21. h5 a4 22. Nd4 Nxd4 23. Bxd4 Rfc8 24. g5 Qc7 25. g6 e5 26. fxe5 dxe5 27. Qxf7+ Kh8 28. h6 Bf6 29. hxg7+ 1-0

[Event "Early-Titled-Tuesday-Blitz-April-16-2024"]
[Site "Chess.com"]
[Date "2024.04.16"]
[Round "10"]
[White "stepanosinovsky"]
[Black "cristiano78"]
[Result "1-0"]
[WhiteElo "2400"]
[BlackElo "2271"]
[TimeControl "180+1"]
[EndTime "9:57:41 PDT"]
[Termination "stepanosinovsky won by checkmate"]

1. e4 c5 2. Nf3 d6 3. d4 cxd4 4.
Nxd4 Nf6 5. Nc3 g6 6. Be3 Bg7 7.
Qd2 O-O 8. O-O-O Nc6 9. Kb1 d5 10. Nxc6 bxc6 11. exd5 Nxd5 12. Nxd5 cxd5 13. Qxd5 Qc7 14.
Qc5 Qb7 15. Bd4 Bf5 16. Bxg7 Rac8 17. Qd4 Bxc2+ 18. Ka1 Bxd1 19. Bh6 f6 20. Bc4+ Kh8 21. Bxf8 Rxf8 22. Rxd1 Qxg2 23. h4 Kg7 24. Qxa7 Rc8 25. Qxe7+ Kh6 26. Qe3+ g5 27. hxg5+ fxg5 28. Rd6+ Kh5 29.
Be2+ Kh4 30. Rh6# 1-0

[Event "Early-Titled-Tuesday-Blitz-April-16-2024"]
[Site "Chess.com"]
[Date "2024.04.16"]
[Round "10"]
[White "Sasha_Solovev_777"]
[Black "shirovin"]
[Result "1-0"]
[WhiteElo "2202"]
[BlackElo "2054"]
[TimeControl "180+1"]
[EndTime "9:57:43 PDT"]
[Termination "Sasha_Solovev_777 won by resignation"]

1. e4 Nf6 2. e5 Nd5 3. d4 d6 4.
Nf3 dxe5 5. Nxe5 c6 6. Bc4 Bf5 7. c3 e6 8. Nd2 Nd7 9. Ndf3 Bd6 10. O-O Bxe5 11. dxe5 Qc7 12. Re1 O-O 13. h3 h6 14. Qd4 N7b6 15. Bb3 Rad8 16. Qh4 Qe7 17. Qg3 Kh7 18. Nh4 Bg6 19. Nxg6 fxg6 20. Bc2 Qf7 21. Be3 Nc4 22. Bc5 Ne7 23. Bxe7 Rd2 24. Bxg6+ Qxg6 25. Qxg6+ Kxg6 26. Bxf8 Rxb2 27. Rab1 1-0

[Event "Early-Titled-Tuesday-Blitz-April-16-2024"]
[Site "Chess.com"]
[Date "2024.04.16"]
[Round "10"]
[White "Boundless_Strike"]
[Black "scarabee43"]
[Result "0-1"]
[WhiteElo "2657"]
[BlackElo "2830"]
[TimeControl "180+1"]
[EndTime "9:57:47 PDT"]
[Termination "scarabee43 won on time"]

1. d4 Nf6 2. f3 d5 3. e4 dxe4 4. Nc3 exf3 5. Nxf3 c6 6. Bc4 Bf5 7. O-O e6 8. Ng5 Bg6 9. Ne2 Bd6 10. Nf4 Nbd7 11. Nfxe6 fxe6 12. Nxe6 Qe7 13. Bg5 Nb6 14. Nxg7+ Qxg7 15. Bxf6 Qh6 16. Qe2+ Kd7 17. Qe6+ Kc7 18. Be5 Nxc4 19. Bxd6+ Nxd6 20. Qe7+ Kb6 21. Qxd6 Rad8 22.
Qc5+ Kc7 23. Qe5+ Kc8 24. Qe6+ Kb8 25. Rf7 Rhe8 26. Re7 Qf8 27. Qe5+ Ka8 0-1

[Event "Early-Titled-Tuesday-Blitz-April-16-2024"]
[Site "Chess.com"]
[Date "2024.04.16"]
[Round "10"]
[White "ansko1999"]
[Black "NigiriSushies"]
[Result "0-1"]
[WhiteElo "2607"]
[BlackElo "2441"]
[TimeControl "180+1"]
[EndTime "9:57:49 PDT"]
[Termination "NigiriSushies won by resignation"]

1. a3 g6 2. c4 Bg7 3. Nc3 e6 4. d4 Ne7 5. h4 c5 6. d5 exd5 7.
cxd5 b5 8. Nxb5 Qa5+ 9. Nc3 Bxc3+ 10. bxc3 Qxc3+ 11. Bd2 Qd4 12. Nf3 Qxd5 13. Bc3 O-O 14. Qc1 Nbc6 15. h5 d6 16. hxg6 fxg6 17. Qh6 Rf7 18.
Ng5 Nf5 19. e4 Qb3 20. Qh3 Nfd4 21. Qd3 Ne5 22. Qd2 Nc2+ 23. Ke2 Ba6+ 0-1

[Event "Early-Titled-Tuesday-Blitz-April-16-2024"]
[Site "Chess.com"]
[Date "2024.04.16"]
[Round "10"]
[White "Yushko_Olga"]
[Black "Fernando_Offermann"]
[Result "1-0"]
[WhiteElo "2286"]
[BlackElo "2433"]
[TimeControl "180+1"]
[EndTime "9:57:50 PDT"]
[Termination "Yushko_Olga won by resignation"]

1. d4 Nf6 2. c4 g6 3. Nc3 Bg7 4. Bg5 h6 5. Bh4 d6 6. e3 c5 7. dxc5 Qa5 8. cxd6 Ne4 9. Ne2 Nxd6 10. a3 Nxc4 11.
Qd5 Qxd5 12. Nxd5 Na6 13. Nd4 e6 14. Bxc4 exd5 15. Bxd5 O-O 16. O-O g5 17. Bg3 Rd8 18. Bf3 Nc5 19. Rfd1 a5 20. Rac1 Ne6 21. Nf5 Rxd1+ 22.
Rxd1 Bxb2 23. Bd6 Kh7 24. Be4 Ng7 25. Ne7+ f5 26. Bc2 Be6 27. g4 Bf6 28. gxf5 Bf7 29. Bc5 Be8 30. Nd5 Nh5 31. Nxf6+ Nxf6 32. Be7 Kg7 33. Rd6 Ng8 34. f6+ Kf7 35. Bb3+ Kg6 36. f7+ 1-0

[Event "Early-Titled-Tuesday-Blitz-April-16-2024"]
[Site "Chess.com"]
[Date "2024.04.16"]
[Round "10"]
[White "kritipatel"]
[Black "esrosenberg"]
[Result "1-0"]
[WhiteElo "2188"]
[BlackElo "2347"]
[TimeControl "180+1"]
[EndTime "9:57:56 PDT"]
[Termination "kritipatel won by resignation"]

1. e4 e5 2. Nf3 Nc6 3. Bc4 Nf6 4. d3 a6 5. c3 h6 6. Nbd2 Bc5 7. h3 d6 8. Nf1 O-O 9. Ng3 d5 10. exd5 Nxd5 11. O-O Be6 12. Bb3 Qd7 13. Re1 Rad8 14. Nxe5 Nxe5 15. Rxe5 Bxh3 16. Rxd5 Bd6 17. gxh3 Qxh3 18.
Qh5 Qe6 19. Bd2 c6 20. Rd4 Qf6 21. Qf5 Qe7 22. Re1 Qc7 23. Rg4 Kh8 24. Bxh6 f6 25. Bxg7+ Qxg7 26. Rxg7 Kxg7 27. Nh5+ Kh6 28. Nxf6 Rg8+ 29.
Nxg8+ Rxg8+ 30. Bxg8 Bh2+ 31. Kxh2 Kg7 32. Qf7+ Kh6 33.
Re6+ Kg5 34. Qg6+ 1-0

[Event "Early-Titled-Tuesday-Blitz-April-16-2024"]
[Site "Chess.com"]
[Date "2024.04.16"]
[Round "10"]
[White "Seochesspie"]
[Black "Martial2008"]
[Result "1-0"]
[WhiteElo "2868"]
[BlackElo "2668"]
[TimeControl "180+1"]
[EndTime "9:58:00 PDT"]
[Termination "Seochesspie won by resignation"]

1. Nf3 Nf6 2. c4 e6 3. b3 d5 4. Bb2 c5 5. e3 Nc6 6. cxd5 exd5 7. Bb5 Bd6 8. O-O O-O 9. Bxc6 bxc6 10. d3 Bg4 11.
Nbd2 Qd7 12. Qc2 Qf5 13. Rac1 Qg6 14. Kh1 Bf5 15. Nh4 Qh6 16. Bxf6 Qxf6 17. Nxf5 Qxf5 18. Nf3 Qd7 19. Rfe1 a5 20. a4 Rab8 21. d4 cxd4 22. Nxd4 c5 23. Nb5 Be7 24. Red1 Rfd8 25. Qd3 Qe6 26.
Nc7 Qe4 27. Nxd5 Qxd3 28. Rxd3 Kf8 29. Kg1 f5 30. Kf1 Kf7 31. Ke2 Rb7 32. Nxe7 Rxd3 33. Kxd3 Rxb3+ 34. Kc2 Rb4 35. Nxf5 Rxa4 36. Kb3 Rb4+ 37. Ka3 Kf6 38. Rxc5 Rb1 39. Rxa5 Rf1 40. Ng3 Ke6 41. Nxf1 1-0

[Event "Early-Titled-Tuesday-Blitz-April-16-2024"]
[Site "Chess.com"]
[Date "2024.04.16"]
[Round "10"]
[White "Chesstiger64"]
[Black "NowInChess"]
[Result "0-1"]
[WhiteElo "2361"]
[BlackElo "2251"]
[TimeControl "180+1"]
[EndTime "9:58:02 PDT"]
[Termination "NowInChess won by resignation"]

1. Nf3 Nf6 2. g3 g6 3. Bg2 Bg7 4. O-O O-O 5. c4 d6 6. Nc3 e5 7. d3 Nc6 8. Rb1 a5 9. b3 h6 10.
Bb2 Be6 11. Qc2 Qd7 12. Rfe1 Bh3 13. Nb5 Bxg2 14. Kxg2 Nh5 15. d4 f5 16. dxe5 dxe5 17. Rbd1 Qf7 18. Rd2 Rae8 19. Red1 Re7 20. Ba3 Nb4 21.
Bxb4 axb4 22. Rd8 e4 23. Rxf8+ Qxf8 24. Nh4 Kh7 25. f4 g5 26. Rd5 gxh4 27. g4 Nxf4+ 28.
Kf2 Nxd5 29. cxd5 fxg4+ 30. Ke3 h5 31. Nxc7 Bh6+ 32. Kd4 Qg7+ 33. Kc5 Rxc7+ 34. Kxb4 Rxc2 0-1

[Event "Early-Titled-Tuesday-Blitz-April-16-2024"]
[Site "Chess.com"]
[Date "2024.04.16"]
[Round "10"]
[White "HansOnTwitch"]
[Black "wonderfultime"]
[Result "1-0"]
[WhiteElo "3158"]
[BlackElo "3002"]
[TimeControl "180+1"]
[EndTime "9:58:04 PDT"]
[Termination "HansOnTwitch won by resignation"]

1. e4 e5 2. Nf3 Nc6 3. Bc4 Bc5 4. d3 d6 5. O-O Nf6 6. c3 a6 7. Re1 Ba7 8. Nbd2 Ng4 9. Re2 O-O 10. h3 Nh6 11. Nf1 Kh8 12. Bg5 Ne7 13. d4 f6 14.
Bxh6 gxh6 15. Qd2 b5 16. Bb3 c5 17. Qxh6 c4 18. Bc2 Ng6 19. g3 Qe7 20. Ne3 Rg8 21. Kh2 Be6 22. Nf5 Qd7 23. Rd1 Qc7 24. Red2 Raf8 25. h4 Bxf5 26. exf5 Ne7 27. dxe5 dxe5 28. Be4 Rg7 29. Rd7 Qc5 30. R1d2 Bb6 31. Ng5 fxg5 32. f6 Rgf7 33. Rxe7 1-0

[Event "Early-Titled-Tuesday-Blitz-April-16-2024"]
[Site "Chess.com"]
[Date "2024.04.16"]
[Round "10"]
[White "Alexei_Gubajdullin"]
[Black "MathiasWomacka"]
[Result "1/2-1/2"]
[WhiteElo "2613"]
[BlackElo "2481"]
[TimeControl "180+1"]
[EndTime "9:58:12 PDT"]
[Termination "Game drawn by repetition"]

1. Nf3 c5 2. g3 Nc6 3. Bg2 g6 4. O-O Bg7 5. d3 e5 6. c4 Nge7 7. Nc3 d6 8. Bd2 O-O 9. a3 a5 10. Ne1 Be6 11. Nd5 Rb8 12. Rb1 b5 13. Nxe7+ Nxe7 14. cxb5 Rxb5 15. Qa4 Qb6 16. b4 axb4 17. axb4 cxb4 18.
Rxb4 Rxb4 19. Qxb4 Rb8 20. Qa3 Bd5 21. Bxd5 Nxd5 22. Nc2 Bf8 23. Ne3 Nxe3 24. fxe3 Qb2 25. Qa7 Rb7 26. Qa6 Bh6 27. Qc4 Kg7 28. Qc6 Ra7 29.
Qxd6 Qxd2 30. Qxe5+ Kf8 31. Qb8+ Kg7 32. Qe5+ Kf8 33.
Qb8+ Kg7 34. Qe5+ 1/2-1/2

[Event "Early-Titled-Tuesday-Blitz-April-16-2024"]
[Site "Chess.com"]
[Date "2024.04.16"]
[Round "10"]
[White "Aleksandar-Topalov"]
[Black "Jojo_898"]
[Result "1-0"]
[WhiteElo "2355"]
[BlackElo "2440"]
[TimeControl "180+1"]
[EndTime "9:58:16 PDT"]
[Termination "Aleksandar-Topalov won by resignation"]

1. b3 Nf6 2. Bb2 g6 3. Bxf6 exf6 4. c4 d5 5. cxd5 Qxd5 6. e3 Bg7 7. Nc3 Qd8 8. d4 O-O 9. Nge2 f5 10. g3 g5 11. Bg2 c6 12. O-O Be6 13. a3 Nd7 14.
b4 Qe7 15. Rc1 Nb6 16. Na4 Rfd8 17. Qc2 Bh6 18. Nc5 Bc4 19. Rfe1 Qf6 20. Nxb7 f4 21. exf4 gxf4 22. Nxf4 Bxf4 23. Nxd8 Rxd8 24. gxf4 Qxf4 25.
Rcd1 Kh8 26. Re3 h5 27. Qd2 Qf6 28. Re5 Qg6 29. Rg5 Qh7 30. Qf4 1-0

[Event "Early-Titled-Tuesday-Blitz-April-16-2024"]
[Site "Chess.com"]
[Date "2024.04.16"]
[Round "10"]
[White "Lily_Schirmbeck"]
[Black "kyuotbi"]
[Result "0-1"]
[WhiteElo "1560"]
[BlackElo "2265"]
[TimeControl "180+1"]
[EndTime "9:58:16 PDT"]
[Termination "kyuotbi won by resignation"]

1. g3 Nf6 2. Bg2 g6 3. d4 Bg7 4. c4 c6 5. Nc3 d5 6. cxd5 cxd5 7. Nf3 Nc6 8. O-O Ne4 9. Bf4 Nxc3 10. bxc3 O-O 11.
Qc2 Bf5 12. Qb2 Na5 13. Nh4 Bc8 14. Qb5 e6 15. e4 a6 16. Qa4 b5 17. Qb4 Bb7 18.
exd5 Bxd5 19. Bd6 Re8 20. Bxd5 exd5 21. a4 Nb7 22. Bc5 Nxc5 23. dxc5 bxa4 24. Rxa4 Qc7 25.
Nf3 Re4 26. Nd4 Bf8 27. Qb6 Qxc5 28. Rxa6 Rxa6 29. Qxa6 Qxc3 30. Nb5 Qc4 31. Qb7 Re7 32.
Qb6 Re6 33. Qb7 d4 34. Rb1 d3 35. Qd7 Qc2 36. Na3 Qc3 37. Qa4 Qxa3 0-1

[Event "Early-Titled-Tuesday-Blitz-April-16-2024"]
[Site "Chess.com"]
[Date "2024.04.16"]
[Round "10"]
[White "romulocardoso"]
[Black "yonaltimur"]
[Result "0-1"]
[WhiteElo "2310"]
[BlackElo "2425"]
[TimeControl "180+1"]
[EndTime "9:58:23 PDT"]
[Termination "yonaltimur won by checkmate"]

1. e4 c5 2. Nf3 d6 3. d4 cxd4 4.
Nxd4 Nf6 5. Nc3 a6 6. f3 e5 7. Nb3 Be6 8. Be3 Be7 9. Qd2 h5 10. O-O-O Nbd7 11. h4 b5 12. Kb1 Rc8 13. Nd5 Bxd5 14.
exd5 Qc7 15. Bg5 Nc5 16. Nxc5 Qxc5 17. c3 e4 18. Bxf6 Bxf6 19. fxe4 Be5 20. Bd3 a5 21. Qe2 Rb8 22. Rhf1 b4 23. Qf3 Qa7 24. c4 a4 25. Rc1 a3 26. b3 Qd4 27. Kc2 Rb7 28. Kd1 f5 29. exf5 Re7 30. Qe4 Qxe4 31. Bxe4 Bb2 32. Bd3 Bxc1 33. Kxc1 Kf7 34. Kd2 Rhe8 35.
Rf3 Kf6 36. Rg3 Re1 37. Rg6+ Kf7 38. Rg5 Ra1 39. Rxh5 Rxa2+ 40. Kd1 Rxg2 41. f6 a2 42. fxg7 a1=R+ 43. Bb1 Rxb1# 0-1

[Event "Early-Titled-Tuesday-Blitz-April-16-2024"]
[Site "Chess.com"]
[Date "2024.04.16"]
[Round "10"]
[White "GMAneta"]
[Black "manitodeplomo"]
[Result "0-1"]
[WhiteElo "2541"]
[BlackElo "2639"]
[TimeControl "180+1"]
[EndTime "9:58:24 PDT"]
[Termination "manitodeplomo won by resignation"]

1. d4 g6 2. Nf3 Bg7 3. c4 Nf6 4. g3 c5 5. Bg2 Qa5+ 6. Bd2 Qb6 7. dxc5 Qxc5 8. O-O Qxc4 9. Na3 Qa6 10. Qc1 O-O 11. Ne5 Qxe2 12. Re1 Qa6 13. Bf1 Qb6 14. Be3 Qd8 15. Nb5 Nc6 16. Nxc6 bxc6 17. Nxa7 Bb7 18.
a4 Nd5 19. Qc5 d6 20. Nxc6 dxc5 21. Nxd8 Rfxd8 22. Bxc5 Bxb2 23. Rab1 Bc3 24. Rec1 Bc6 25. Bg2 Bf6 26. Bxe7 Nxe7 27. Bxc6 Nxc6 28. Rxc6 Kg7 29.
Rc4 Rd4 30. Rc7 Rdxa4 31. Rbb7 Rf8 32. h4 h5 33. Kg2 Ra5 0-1

[Event "Early-Titled-Tuesday-Blitz-April-16-2024"]
[Site "Chess.com"]
[Date "2024.04.16"]
[Round "10"]
[White "Laico"]
[Black "Burgsvik"]
[Result "0-1"]
[WhiteElo "2393"]
[BlackElo "2268"]
[TimeControl "180+1"]
[EndTime "9:58:25 PDT"]
[Termination "Burgsvik won by resignation"]

1. e4 e6 2. d4 d5 3. Nd2 Nf6 4. Bd3 Nxe4 5. Nxe4 dxe4 6. Bxe4 Nd7 7. Qe2 Nf6 8. Bxb7 Rb8 9. Bxc8 Qxc8 10. Nf3 Bd6 11. Bg5 Nd5 12. c4 Bb4+ 13. Nd2 h6 14. cxd5 hxg5 15. O-O Bxd2 16. Qxd2 exd5 17. Rfe1+ Kf8 18.
Qxg5 Rxb2 19. Qxd5 Rh6 20. Rac1 Rf6 21. f3 Kg8 22. Qc4 Qf5 23. Re2 Rxe2 24. Qxe2 Re6 25.
Qc2 Qf4 26. d5 Qe3+ 27. Qf2 Qxc1+ 0-1

[Event "Early-Titled-Tuesday-Blitz-April-16-2024"]
[Site "Chess.com"]
[Date "2024.04.16"]
[Round "10"]
[White "AsselLesbekova"]
[Black "Anton_Demchenko"]
[Result "0-1"]
[WhiteElo "2443"]
[BlackElo "2976"]
[TimeControl "180+1"]
[EndTime "9:58:30 PDT"]
[Termination "Anton_Demchenko won by resignation"]

1. e4 c5 2. Nf3 d6 3. Bb5+ Nd7 4. O-O a6 5. Bxd7+ Bxd7 6. Re1 Nf6 7. c3 e6 8. d4 Bc6 9. d5 Bd7 10. dxe6 Bxe6 11.
Nbd2 Be7 12. Nf1 O-O 13. Ne3 Re8 14. Qc2 Bf8 15. c4 b5 16. b3 bxc4 17. bxc4 Bd7 18. Nd2 Bc6 19. f3 Nh5 20. g3 g6 21. Bb2 Rb8 22.
Rab1 Qg5 23. Kf2 Bg7 24. Bxg7 Nxg7 25. Qd3 Ne6 26. h4 Qf6 27. Ng4 Qg7 28. Qe3 h5 29.
Nh2 Nd4 30. Nb3 Nc2 31. Qd2 Nxe1 32. Rxe1 Qf6 33. Qd3 a5 34. Nxa5 Rb2+ 35. Re2 Bxe4 36.
Qd1 Bxf3 37. Nxf3 Rexe2+ 38. Qxe2 Rxe2+ 39. Kxe2 Qb2+ 40. Ke3 Qc3+ 0-1

[Event "Early-Titled-Tuesday-Blitz-April-16-2024"]
[Site "Chess.com"]
[Date "2024.04.16"]
[Round "10"]
[White "maracayo"]
[Black "JaackCamel"]
[Result "1-0"]
[WhiteElo "2362"]
[BlackElo "2222"]
[TimeControl "180+1"]
[EndTime "9:58:30 PDT"]
[Termination "maracayo won by resignation"]

1. e4 e6 2. Nf3 d5 3. d3 c5 4.
Be2 Nc6 5. O-O Nf6 6. Nbd2 g6 7.
c3 Bg7 8. Re1 O-O 9. h3 a5 10.
exd5 exd5 11. Nb3 b6 12. a4 Re8 13. Bg5 Qd6 14. Rc1 Bf5 15. Na1 d4 16. Bf1 Rxe1 17. Nxe1 Nd5 18. Bd2 Re8 19. Qf3 Ne5 20. Qg3 Qd7 21.
Nac2 dxc3 22. bxc3 Nc6 23. Na3 Be5 24. Qf3 Bg7 25.
Nc4 Ne5 26. Nxe5 Bxe5 27. d4 Bg7 28. Bb5 Rxe1+ 29. Rxe1 Qd6 30. Re8+ Bf8 31. Bh6 1-0

[Event "Early-Titled-Tuesday-Blitz-April-16-2024"]
[Site "Chess.com"]
[Date "2024.04.16"]
[Round "10"]
[White "RandomNoob04"]
[Black "temus_galaktionov"]
[Result "0-1"]
[WhiteElo "2667"]
[BlackElo "2858"]
[TimeControl "180+1"]
[EndTime "9:58:32 PDT"]
[Termination "temus_galaktionov won by resignation"]

1. e4 c6 2. c4 g6 3. d4 d6 4. Nf3 Bg7 5. Be2 Nd7 6. O-O e5 7. Nc3 Ngf6 8. d5 c5 9. h3 O-O 10. Be3 Ne8 11. Nd2 f5 12. exf5 gxf5 13. f4 Qe7 14. fxe5 dxe5 15. Qc2 Nd6 16. Rae1 b6 17. Bd3 e4 18. Be2 Bd4 19. Bd1 Ne5 20. Nb5 Nxb5 21.
cxb5 Bb7 22. Nc4 Bxd5 23. Nxe5 Qxe5 24. Kh1 f4 25. Bc1 e3 26. Bf3 Rae8 27. Qe2 Bxa2 28. Bc6 Re7 29. b4 Bd5 30. bxc5 bxc5 31. Ba3 Rg7 32.
Bxd5+ Qxd5 33. Rf3 Rf5 34. Ref1 Rgf7 35. Bc1 c4 36. Qe1 c3 37. Rxf4 Rxf4 38. Rxf4 Rxf4 39. Qg3+ Bg7 40. Qxf4 e2 41. Kh2 Be5 0-1

[Event "Early-Titled-Tuesday-Blitz-April-16-2024"]
[Site "Chess.com"]
[Date "2024.04.16"]
[Round "10"]
[White "Revan_2002"]
[Black "Let_it_be_1"]
[Result "1-0"]
[WhiteElo "2724"]
[BlackElo "2594"]
[TimeControl "180+1"]
[EndTime "9:58:32 PDT"]
[Termination "Revan_2002 won by resignation"]

1. d4 d5 2. Nf3 e6 3. c4 Nf6 4. Nc3 Be7 5. Bf4 O-O 6. e3 Nbd7 7. c5 c6 8. b4 b6 9. h4 a5 10. a3 Ba6 11. Bxa6 Rxa6 12. b5 cxb5 13. c6 Qc8 14. c7 b4 15. Nb5 bxa3 16. Qc2 Bb4+ 17. Ke2 Ne4 18. Ng5 Ndf6 19. f3 Qd7 20. fxe4 Qxb5+ 21. Kf2 Raa8 22. Rhc1 Rfc8 23. exd5 exd5 24. Be5 Ne4+ 25. Nxe4 dxe4 26. Qxe4 f6 27. Bf4 Bc3 28. Rxc3 Qb2+ 29. Rc2 Qxa1 30. Qd5+ Kh8 31. Qxa8 1-0

[Event "Early-Titled-Tuesday-Blitz-April-16-2024"]
[Site "Chess.com"]
[Date "2024.04.16"]
[Round "10"]
[White "vladgoncharov"]
[Black "SpongeBob_03"]
[Result "1-0"]
[WhiteElo "2621"]
[BlackElo "2280"]
[TimeControl "180+1"]
[EndTime "9:58:34 PDT"]
[Termination "vladgoncharov won by resignation"]

1. d4 d5 2. c4 e6 3. Nc3 a6 4. cxd5 exd5 5. Bf4 Nf6 6. e3 Bd6 7.
Bg3 c6 8. Qb3 Bxg3 9. hxg3 Qe7 10.
Nf3 Bf5 11. Ne5 O-O 12. Rc1 Nbd7 13. Qxb7 Rab8 14. Nxc6 Qxe3+ 15. fxe3 Rxb7 16. Ne7+ Kh8 17. Nxf5 Rxb2 18. Bd3 Re8 19. Rc2 Rxc2 20. Bxc2 g6 21. Nd6 Rxe3+ 22. Kd2 Rxg3 23. Nxf7+ Kg7 24. Ne5 Rxg2+ 25.
Kc1 Nf8 26. Bb3 Ne6 27. Nc6 Nf4 28. Nb4 Ne4 29. Nbxd5 Nd3+ 30. Kb1 Nd2+ 31. Ka1 Nxb3+ 32. axb3 Rg4 33. Nc7 Rxd4 34. Ne6+ 1-0

[Event "Early-Titled-Tuesday-Blitz-April-16-2024"]
[Site "Chess.com"]
[Date "2024.04.16"]
[Round "10"]
[White "GreenPeach24"]
[Black "ilqar_74"]
[Result "0-1"]
[WhiteElo "2434"]
[BlackElo "2753"]
[TimeControl "180+1"]
[EndTime "9:58:34 PDT"]
[Termination "ilqar_74 won by resignation"]

1. d4 Nf6 2. Nf3 e6 3. Bf4 d5 4. e3 Bd6 5. Bg3 O-O 6. Nbd2 c5 7.
dxc5 Bxg3 8. hxg3 Qe7 9. b4 a5 10. c3 Nc6 11. a3 e5 12. Be2 Rd8 13. Rb1 Ne4 14. Qc2 f5 15. Nxe4 fxe4 16. Nd2 Bf5 17. f4 d4 18. cxd4 exd4 19. Bc4+ Kh8 20. Nf1 d3 21.
Qd2 axb4 22. axb4 Ra4 23. Bb5 Ra3 24. g4 Bxg4 25. Ng3 Rda8 26. O-O h5 27. Bxc6 bxc6 28. Qb2 h4 29. Nh1 Ra2 30. Qc3 Rc2 31. Qe1 d2 32.
Qf2 d1=Q 33. Rfxd1 Rxf2 34. Nxf2 Bxd1 35. Rxd1 Ra2 36.
Rd4 h3 37. Nxh3 Qh4 38. Kh2 Ra8 39. Rxe4 Ra2 40. Rd4 Re2 41. e4 Re3 42. e5 Rxh3+ 0-1